 Dungeon Crawl Stone Soup version 0.28-a0-984-g3775c662fe (webtiles) character file.

Game seed: 10656937389992943315

6498 Redcow54321 the Grappler (level 10, -2/96 HPs)
             Began as a Troll Fighter on Dec 3, 2021.
             Slain by a death knight (24 damage)
             ... on level 11 of the Dungeon.
             The game lasted 00:10:51 (5597 turns).

Redcow54321 the Grappler (Troll Fighter)            Turns: 5597, Time: 00:10:54

Health: -2/96      AC: 12    Str: 29 (30) XL:     10   Next: 68%
Magic:  9/9        EV: 10    Int:  2 (4)  God:
Gold:   273        SH:  0    Dex:  9      Spells: 9/9 levels left

rFire   + . .      SeeInvis .     - Unarmed
rCold   . . .      Faith    .   (no shield)
rNeg    . . .      Spirit   .   s - +0 steam dragon scales
rPois   .          Reflect  .   (helmet restricted)
rElec   .          Harm     .   (no cloak)
rCorr   .          Rampage  .   (gloves unavailable)
Will    .....      Clarity  +   (boots unavailable)
Stlth   +.........              (no amulet)
HPRegen 1.06/turn               g - +4 ring of protection
MPRegen 0.11/turn               i - ring of protection from fire

@: slowed, unable to read, very slow
A: large, unfitting armour, claws 3, regeneration 1, shaggy fur 1, tough skin 1,
hooves 1, clarity, deterioration 1, inability to read while threatened
a: no special abilities


You were on level 11 of the Dungeon.
You visited 1 branch of the dungeon, and saw 9 of its levels.

You collected 273 gold pieces.

Inventory:

Armour
 a - a +0 robe
 b - a +0 kite shield
 s - +0 steam dragon scales (worn)
Jewellery
 c - an amulet of magic regeneration
 g - a +4 ring of protection (left claw)
 i - a ring of protection from fire (right claw)
Wands
 u - a wand of acid (9)
 z - a wand of flame (17)
Scrolls
 d - a scroll of enchant armour {unknown}
 f - 3 scrolls of identify
 j - a scroll of holy word {unknown}
 k - 2 scrolls of amnesia {unknown}
 l - 2 scrolls of magic mapping {unknown}
 n - 4 scrolls of teleportation {unknown}
 o - a scroll of blinking {unknown}
 y - a scroll of enchant weapon {unknown}
Potions
 e - a potion of heal wounds
 h - a potion of haste {unknown}
 m - 5 potions of curing
 p - 2 potions of resistance
 q - 2 potions of lignification {unknown}
 r - a potion of ambrosia {unknown}
 t - a potion of berserk rage {unknown}
 v - 2 potions of flight {unknown}
 w - 2 potions of magic {unknown}
 x - a potion of cancellation {unknown}


   Skills:
 * Level 5.1 Fighting
 * Level 4.5 Armour
 - Level 2.4 Dodging
 - Level 2.4 Shields
 - Level 14.3 Unarmed Combat


You had 9 spell levels left.
You didn't know any spells.
Your spell library contained the following spells:

 Spells                   Type           Power      Damage    Failure   Level
 Beastly Appendage        Tmut           0%         N/A       54%         1
 Ensorcelled Hibernation  Hex/Ice        0%         N/A       69%         2
 Wereblood                Tmut           0%         N/A       69%         2
 Frozen Ramparts          Ice            0%         1d2       89%         3
 Inner Flame              Hex/Fire       0%         N/A       89%         3
 Spider Form              Tmut/Pois      0%         N/A       89%         3
 Sticky Flame             Conj/Fire      0%         2d3       100%        4


Dungeon Overview and Level Annotations

Branches:
Dungeon (8/15)             Temple (0/1) D:4
   Lair: D:8-11

Altars:
Uskayaw

Shops:
D:2 ?   D:5 !


Innate Abilities, Weirdness & Mutations

You are too large for most types of armour.
You have claws for hands.
Your natural rate of healing is unusually fast.
You are covered in fur. (AC +1)
You have tough skin. (AC +1)
You have large cloven feet.
You possess an exceptional clarity of mind.
Your body sometimes deteriorates upon taking damage.
You sometimes lose the ability to read scrolls when taking damage.


Message History

A wraith comes into view.
Your Fighting skill increases to level 5!
A death knight comes into view. It is wielding a +2 broad axe.
The wraith hits you! The wraith drains your vigour!
You feel as though you will be slow longer.
You barely miss the wraith. You kick the wraith. You claw the wraith.
The wraith is moderately damaged.
The wraith closely misses you. The wraith closely misses you.
You mangle the wraith!! You kick the wraith.
You destroy the wraith!
You mangle the death knight!!
You kick the death knight, but do no damage.
Your claw misses the death knight.
The death knight is moderately wounded.
The death knight hits you with a +2 broad axe.
The death knight hits you with a +2 broad axe!!
Your body deteriorates!
You feel weakened.
You barely miss the death knight. You claw the death knight!
The death knight is heavily wounded.
The death knight hits you with a +2 broad axe!
You feel threatened and lose the ability to read scrolls!
You claw the death knight!
You kick the death knight, but do no damage.
You claw the death knight!
The death knight is severely wounded.
The death knight hits you with a +2 broad axe!!
You claw the death knight! You kick the death knight.
You claw the death knight, but do no damage.
The death knight is almost dead.
The death knight hits you with a +2 broad axe!
* * * LOW HITPOINT WARNING * * *
Your body deteriorates!
You feel dopey.
You feel much better.
The death knight invokes the aid of Yredelemnul against you.
Your body is wracked with pain!
* * * LOW HITPOINT WARNING * * *
Your body deteriorates!
You feel dopey.
The death knight hits you with a +2 broad axe!!
You die...

#.....###.# #.#
##...## #.# #.#
##.#####.###.#
##.####.###.......#
..............#####
##.####.####### #$#
#.# #@# #p# #.# #.#
..# .... #####


You could see a death knight.

Vanquished Creatures
  A two-headed ogre (D:8)
  Pikel (D:8)
  A manticore (D:11)
  An unseen horror (D:11)
  A yaktaur (D:11)
  3 wraiths (D:11)
  Sigmund (D:6)
  9 yaks (D:11)
  A steam dragon (D:8)
  A water moccasin (D:5)
  A hornet zombie (D:6)
  3 black bears
  An ice beast (D:8)
  An orc warrior (D:8)
  3 ogres
  A centaur (D:7)
  A lemure (D:8)
  A phantom (D:5)
  A bullfrog (D:7)
  2 scorpions
  A wyvern skeleton (D:6)
  A water moccasin skeleton (D:6)
  11 wights (D:7)
  2 howler monkeys
  A hound (D:4)
  A jelly (D:5)
  A gnoll shaman (D:4)
  A bullfrog skeleton (D:5)
  3 orc priests
  Jessica (D:3)
  6 orc wizards
  4 iguanas
  A hound zombie (D:5)
  A hound skeleton (D:4)
  3 howler monkey skeletons
  2 adders (D:5)
  5 gnolls (D:4)
  A shadow imp (D:8)
  2 white imps
  4 worms (D:2)
  3 dart slugs
  24 orcs
  4 bats
  2 endoplasms
  A giant cockroach (D:2)
  7 goblins
  6 hobgoblins
  4 quokkas
  5 ball pythons
  A frilled lizard (D:3)
  8 kobolds
  8 rats
160 creatures vanquished.

Notes
Turn   | Place    | Note
-------+----------+-------------------------------------------
     0 | D:1      | Redcow54321 the Troll Fighter began the quest for the Orb.
     0 | D:1      | Reached XP level 1. HP: 22/22 MP: 0/0
   200 | D:1      | Reached XP level 2. HP: 29/29 MP: 1/1
   216 | D:1      | Reached skill level 3 in Unarmed Combat
   670 | D:2      | Reached XP level 3. HP: 24/36 MP: 2/2
   865 | D:2      | Found Wistre Rontotz's Magic Scroll Shop.
  1206 | D:3      | Reached skill level 4 in Unarmed Combat
  1303 | D:3      | Found a hide-covered altar of Uskayaw.
  1328 | D:3      | Noticed Jessica
  1342 | D:3      | Killed Jessica
  1343 | D:3      | Reached XP level 4. HP: 44/44 MP: 3/3
  1537 | D:3      | Reached skill level 5 in Unarmed Combat
  1798 | D:4      | Reached XP level 5. HP: 38/50 MP: 4/4
  1873 | D:4      | Found a staircase to the Ecumenical Temple.
  1959 | D:4      | Reached skill level 6 in Unarmed Combat
  1966 | D:4      | Reached XP level 6. HP: 11/59 MP: 5/5
  2575 | D:5      | Entered Level 5 of the Dungeon
  2600 | D:5      | Reached skill level 7 in Unarmed Combat
  2684 | D:5      | Identified the +2 pair of boots "Uluigome" {rPois rN+ Int-5
                  | SInv}
  2694 | D:5      | Reached XP level 7. HP: 29/66 MP: 6/6
  2752 | D:5      | Reached skill level 8 in Unarmed Combat
  2894 | D:5      | Found Deril's Distillery.
  2904 | D:5      | Got the Catalogue of the Blaze and the Frostbite
  3096 | D:5      | Reached skill level 9 in Unarmed Combat
  3117 | D:5      | Identified the +1 leather armour "Weczet" {Str+2}
  3295 | D:5      | Identified the +11 whip "Kukloroff" {freeze, rElec}
  3618 | D:6      | Noticed Sigmund
  3626 | D:6      | Killed Sigmund
  3627 | D:6      | Reached XP level 8. HP: 72/74 MP: 7/7
  3634 | D:5      | Reached skill level 10 in Unarmed Combat
  3831 | D:6      | Identified the +1 robe of the Stallion {rElec rCorr Dex+2}
  4076 | D:6      | Reached skill level 11 in Unarmed Combat
  4233 | D:6      | Gained mutation: Your flesh is cold resistant. (rC+)
                  | [potion of mutation]
  4233 | D:6      | Gained mutation: Your spells are a little harder to cast,
                  | but a little more powerful. [potion of mutation]
  4234 | D:6      | Lost mutation: Your spells are a little harder to cast, but
                  | a little more powerful. [potion of mutation]
  4234 | D:6      | Lost mutation: Your flesh is cold resistant. (rC+) [potion
                  | of mutation]
  4234 | D:6      | Gained mutation: Your body sometimes deteriorates upon
                  | taking damage. [potion of mutation]
  4234 | D:6      | Gained mutation: You have large cloven feet. [potion of
                  | mutation]
  4234 | D:6      | Gained mutation: You sometimes lose the ability to read
                  | scrolls when taking damage. [potion of mutation]
  4234 | D:6      | Gained mutation: You possess an exceptional clarity of
                  | mind. [potion of mutation]
  4439 | D:7      | Reached XP level 9. HP: 62/79 MP: 8/8
  4463 | D:7      | Reached skill level 12 in Unarmed Combat
  4958 | D:8      | Reached skill level 13 in Unarmed Combat
  5125 | D:8      | Noticed Pikel
  5126 | D:8      | Noticed a two-headed ogre
  5135 | D:8      | Killed Pikel
  5140 | D:8      | Killed a two-headed ogre
  5141 | D:8      | Reached skill level 14 in Unarmed Combat
  5177 | D:8      | Reached XP level 10. HP: 88/88 MP: 9/9
  5241 | D:8      | You fall into a shaft and drop 3 floors!
  5296 | D:11     | Reached skill level 1 in Armour
  5470 | D:11     | Noticed a manticore
  5483 | D:11     | Killed a manticore
  5588 | D:11     | Reached skill level 5 in Fighting
  5588 | D:11     | Noticed a death knight
  5597 | D:11     | Slain by a death knight

Illustrated notes

Levels and vault maps discovered:
D:1:      psy_arrival_radial02, layout_rooms
D:2:      layout_loops_ring, serial_shops, nicolae_shop_crystal
D:3:      layout_loops_ring, mainiacjoe_overflow_surrounded_room, uniq_jessica
D:4:      layout_gridville, minmay_temple_entry_arrows
D:5:      layout_basic, serial_shops, shop_statue
D:6:      layout_loops_ring, uniq_sigmund
D:7:      layout_cave_pools
D:8:      layout_basic, small_statue_intersection, minmay_misc_feat_doors,
          uniq_joseph, uniq_pikel
D:11:     layout_loops_corners, uniq_psyche

Skill      XL: |  1  2  3  4  5  6  7  8  9 10 |
---------------+-------------------------------+-----
Unarmed Combat | 3 4 5 6 7 9 11 14 | 14.3
Armour         | 4 |  4.5
Fighting       | 5 |  5.1
Dodging        | |  2.4
Shields        | |  2.4

Action                   |  1- 3 |  4- 6 |  7- 9 | 10-12 || total
-------------------------+-------+-------+-------+-------++-------
Melee: Unarmed           |   105 |    97 |   177 |    55 ||   434
       Punch             |     1 |     2 |     3 |     9 ||    15
       Kick              |       |       |    29 |    29 ||    58
  Use: Potion            |       |     1 |     3 |     1 ||     5
       Scroll            |       |       |     4 |       ||     4
Armor: Robe              |    31 |    38 |    56 |       ||   125
       Steam dragon scal |       |       |     2 |    29 ||    31
Dodge: Dodged            |    44 |    51 |    73 |    16 ||   184

Table legend: (Time is in decaauts)
 A = Elapsed time spent in this place.
 B = Non-inter-level travel time spent in this place.
 C = Inter-level travel time spent in this place.
 D = Time resting spent in this place.
 E = Time spent auto-exploring this place.
 F = Levels seen in this place.
 G = Mean time per level.
                   A        B        C        D        E       F      G
               +--------+--------+--------+--------+--------+-----+--------+
         Total |   5540 |   5369 |    171 |      0 |   4351 |   9 |  615.6 |
       Dungeon |   5540 |   5369 |    171 |      0 |   4351 |   9 |  615.6 |
               +--------+--------+--------+--------+--------+-----+--------+

Top non-repeatable levels by time:
     D:5: 1049 daAuts
     D:4: 831 daAuts
     D:6: 627 daAuts
     D:2: 611 daAuts
     D:7: 596 daAuts
     D:3: 564 daAuts
     D:1: 550 daAuts
     D:8: 362 daAuts
    D:11: 346 daAuts
